 Dungeon Crawl Stone Soup version 0.23.2-1-ga50397a (webtiles) character file.

Game seed: 4784378784575161395

144 MalarOregon the Skirmisher (level 5, -4/45 HPs)
             Began as a Ghoul Warper on May 27, 2019.
             Slain by a gnoll
             ... wielding a +0 spear
              (5 damage)
             ... on level 2 of the Dungeon.
             The game lasted 00:05:41 (2594 turns).

MalarOregon the Skirmisher (Ghoul Warper)           Turns: 2594, Time: 00:05:41

Health: -4/45      AC:  8    Str: 15    XL:     5   Next: 26%
Magic:  7/7        EV:  7    Int:  9    God:
Gold:   148        SH:  0    Dex:  8    Spells: 8/8 levels left

rFire    . . .     SeeInvis +   a - +1 mace
rCold    + . .     Gourm    .   (no shield)
rNeg     + + +     Faith    .   p - +0 chain mail
rPois    ∞         Spirit   .   (no helmet)
rElec    .         Reflect  .   (no cloak)
rCorr    .         Harm     .   (no gloves)
MR       .....                  (no boots)
Stlth    ..........             (no amulet)
HPRegen  0.00/turn              z - ring of see invisible
MPRegen  0.10/turn              (no ring)

@: rotting
A: rotting body, claws 1, carnivore, cold resistance 1, negative energy
resistance 3, inhibited regeneration, torment resistance, unbreathing
a: no special abilities


You were on level 2 of the Dungeon.
You were not hungry.

You visited 1 branch of the dungeon, and saw 3 of its levels.

You collected 148 gold pieces.

Inventory:

Hand Weapons
 a - a +1 mace (weapon)
Missiles
 c - 24 poisoned needles
 f - 5 tomahawks of dispersal (quivered) {!f}
Armour
 p - a +0 chain mail (worn)
   (You found it on level 1 of the Dungeon)
Jewellery
 z - a ring of see invisible (left claw)
   (You found it on level 3 of the Dungeon)
Scrolls
 d - a scroll of blinking
 k - a scroll of fog
 l - 2 scrolls of teleportation {@r4}
Potions
 b - a potion of curing {@q1}
 g - a potion of brilliance {unknown}
Comestibles
 e - 6 rations {!d}


   Skills:
 * Level 3.2 Fighting
 * Level 2.7 Maces & Flails
 + Level 1.5 Throwing
 * Level 2.0 Armour
 * Level 2.7 Dodging
 - Level 2.0 Spellcasting
   Level 2.6 Translocations


You had 8 spell levels left.
You didn't know any spells.
Your spell library contained the following spells:

 Spells                   Type           Power        Failure   Level  Hunger
 Blink                    Tloc           N/A          98%         2    ###....
 Shroud of Golubria       Chrm/Tloc      #.........   99%         2    ###....
 Gell's Gravitas          Tloc           #.........   100%        3    ####...
 Lesser Beckoning         Tloc           #.........   100%        3    ####...
 Teleport Other           Tloc           #.......     100%        3    ####...
 Passage of Golubria      Tloc           N/A          100%        4    #####..


Dungeon Overview and Level Annotations

Branches:
Dungeon (3/15)

Altars:
Fedhas

Annotations:
D:2 Sigmund


Innate Abilities, Weirdness & Mutations

Your body is rotting away.
You thrive on raw meat.
You are immune to poison.
You have sharp fingernails.
You are carnivorous and can eat meat at any time.
Your flesh is cold resistant. (rC+)
You are immune to negative energy. (rN+++)
You do not regenerate when monsters are visible.
You are immune to unholy pain and torment.
You can survive without breathing.


Message History

You kill the adder!
There is a stone staircase leading down here.
You start resting.
Some of the chunks of flesh in your inventory have rotted away.
All of the chunks of flesh in your inventory have rotted away.
You climb downwards.
The gnoll hits you but does no damage. x2
The gnoll hits you. The gnoll hits you with a +0 spear.
There is a stone staircase leading up here.
You hit the gnoll but do no damage. The gnoll hits you but does no damage.
The gnoll barely misses you. x2
Your chain mail prevents you from hitting the gnoll.
The gnoll hits you but does no damage. x2; The gnoll hits you with a +0 spear.
The gnoll completely misses you. The gnoll barely misses you.
You hit the gnoll. The gnoll hits you but does no damage.
The gnoll hits you from afar with a +0 spear.
The gnoll barely misses you. The gnoll hits you but does no damage.
You closely miss the gnoll. The gnoll hits you but does no damage.
The gnoll barely misses you. The gnoll hits you with a +0 spear.
The gnoll hits you but does no damage. The gnoll hits you.
The gnoll hits you but does no damage.
You climb upwards.
Level annotation: Sigmund
There is a stone staircase leading down here.
You can't go up here!
You hit the gnoll. The gnoll hits you. The gnoll hits you but does no damage.
The gnoll hits you.
* * * LOW HITPOINT WARNING * * *
You hit the gnoll but do no damage. The gnoll closely misses you.
The gnoll barely misses you. The gnoll hits you but does no damage.
You hit the gnoll. The gnoll hits you but does no damage.
The gnoll hits you with a +0 spear.
* * * LOW HITPOINT WARNING * * *
Your chain mail prevents you from hitting the gnoll.
The gnoll hits you.
* * * LOW HITPOINT WARNING * * *
The gnoll barely misses you.
You hit the gnoll. The gnoll hits you.
* * * LOW HITPOINT WARNING * * *
The gnoll completely misses you. The gnoll hits you but does no damage.
You hit the gnoll. The gnoll completely misses you.
The gnoll hits you but does no damage. The gnoll barely misses you.
You closely miss the gnoll.
The gnoll hits you but does no damage. x2
You barely miss the gnoll. The gnoll closely misses you.
The gnoll hits you but does no damage.
You barely miss the gnoll. The gnoll hits you.
* * * LOW HITPOINT WARNING * * *
The gnoll closely misses you. The gnoll hits you.
* * * LOW HITPOINT WARNING * * *
You barely miss the gnoll. The gnoll hits you with a +0 spear.
You die...

#.......#
#.#####.#
#.#####.#######
..............#
#.#####<#####.#
#.......# #.#
#.......# #.#
#########
###.##### #
#....g@.# #
#.#.###g# #
#######
#.#..##.#
###.....#
#.##.##.#
.##.....#
#.##.##.#
........#
#.......#
.##.....#
#.##.#.##
.##.....#
#.##.#(#
.########
#....#.#


You could see 2 gnolls.

Vanquished Creatures
  An orc priest (D:2)
  An orc wizard (D:1)
  2 adders
  A worm (D:2)
  A dart slug (D:1)
  A leopard gecko (D:2)
  An orc (D:2)
  4 giant cockroaches
  8 goblins
  5 hobgoblins
  7 kobolds
  7 bats
  A frilled lizard (D:2)
  4 rats (D:1)
44 creatures vanquished.

Vanquished Creatures (others)
  An orc wizard (D:2)
1 creature vanquished.

Grand Total: 45 creatures vanquished

Notes
Turn   | Place    | Note
-------+----------+-------------------------------------------
     0 | D:1      | MalarOregon the Ghoul Warper began the quest for the Orb.
     0 | D:1      | Reached XP level 1. HP: 17/17 MP: 2/2
    37 | D:1      | Reached skill level 1 in Armour
    66 | D:1      | Reached skill level 1 in Throwing
    76 | D:1      | Reached XP level 2. HP: 21/25 MP: 3/3
   485 | D:1      | Reached XP level 3. HP: 28/30 MP: 4/4
   818 | D:2      | Noticed Sigmund
  1019 | D:2      | HP: 1/30 [something/magic dart (6)]
  1062 | D:2      | Reached XP level 4. HP: 20/36 MP: 6/6
  1308 | D:2      | Reached skill level 3 in Fighting
  1725 | D:2      | Reached XP level 5. HP: 23/43 MP: 7/7
  2144 | D:2      | Found a faded altar of an unknown god.
  2199 | D:3      | Found a blossoming altar of Fedhas.
  2593 | D:2      | HP: 1/45 [gnoll (5)]
  2594 | D:2      | Slain by a gnoll

Skill      XL: |  1  2  3  4  5 |
---------------+----------------+-----
Armour         | 1 2 |  2.0
Throwing       | 1 |  1.5
Dodging        | 2 |  2.7
Maces & Flails | 2 |  2.7
Spellcasting   | 2 |  2.0
Fighting       | 3 |  3.2
Translocations | |  2.6

Action                   |  1- 3 |  4- 6 || total
-------------------------+-------+-------++-------
Melee: Mace              |   108 |   118 ||   226
  Use: Scroll            |     3 |     4 ||     7
       Potion            |     3 |       ||     3
  Eat: Chunk             |     1 |    10 ||    11
Armor: Leather armour    |    31 |       ||    31
       Chain mail        |    47 |    91 ||   138
Dodge: Dodged            |    99 |    39 ||   138
